 Dungeon Crawl Stone Soup version 0.23-a0-512-g50a8178 (webtiles) character file.

107487 KristoblXynda the Severer (level 16, -38/141 HPs)
             Began as a Deep Dwarf Fighter on Dec 4, 2018.
             Was the Champion of Makhleb.
             Killed from afar by a frost giant (41 damage)
             ... with a bolt of cold
             ... on level 15 of the Dungeon.
             The game lasted 01:02:53 (21091 turns).

KristoblXynda the Severer (Deep Dwarf Fighter)     Turns: 21091, Time: 01:02:54

Health: -38/141    AC: 26    Str: 30    XL:     16   Next: 0%
Magic:  21/21      EV: 12    Int: 14    God:    Makhleb [******]
Gold:   907        SH: 15    Dex: 12    Spells: 15/15 levels left

rFire    . . .     SeeInvis .   D - +4 war axe
rCold    . . .     Gourm    +   c - +0 shield
rNeg     + . .     Faith    .   F - +0 plate armour
rPois    .         Spirit   .   G - +2 hat {Int+3}
rElec    .         Reflect  .   z - +1 cloak
rCorr    .         Harm     .   u - +2 pair of gloves
MR       +++..                  s - +0 pair of boots
Stlth    ..........             y - amulet of the gourmand
HPRegen  0.00/turn              S - +2 ring of slaying
MPRegen  0.17/turn              x - ring of protection from magic

@: mighty, non-regenerating
A: damage resistance, heal wounds, negative energy resistance 1, sense
surroundings 2, no regeneration
a: Heal Wounds, Minor Destruction, Lesser Servant of Makhleb, Major Destruction,
Greater Servant of Makhleb, Renounce Religion


You were on level 15 of the Dungeon.
You worshipped Makhleb.
Makhleb was exalted by your worship.
You were completely stuffed.

You visited 3 branches of the dungeon, and saw 22 of its levels.
You visited 1 bazaar.
You also visited: Labyrinth, Ossuary and Bailey.

You collected 2167 gold pieces.
You spent 1260 gold pieces at shops.

Inventory:

Hand Weapons
 D - a +4 war axe (weapon)
 E - a +1 morningstar
Missiles
 q - 20 javelins of penetration (quivered)
Armour
 c - a +0 shield (worn)
 s - a +0 pair of boots (worn)
 u - a +2 pair of gloves (worn)
 z - a +1 cloak (worn)
 F - a +0 plate armour (worn)
 G - a +2 hat of intelligence (worn)
Jewellery
 x - a ring of protection from magic (right hand)
 y - an amulet of the gourmand (around neck)
 H - an uncursed ring of protection from cold
 S - a +2 ring of slaying (left hand)
Wands
 e - a wand of clouds (4)
 i - a wand of scattershot (1)
 n - a wand of paralysis (11)
 K - a wand of disintegration (30)
 O - a wand of iceblast (1)
Scrolls
 b - 4 scrolls of blinking
 g - 11 scrolls of remove curse
 o - 6 scrolls of fog
 r - 11 scrolls of teleportation
 t - 4 scrolls of fear
 C - 2 scrolls of silence
 I - 2 scrolls of identify
 P - 2 scrolls of amnesia
Potions
 a - a potion of brilliance
 d - 3 potions of might
 h - 4 potions of mutation
 j - a potion of magic
 k - 3 potions of agility
 l - 2 potions of cancellation
 p - 3 potions of resistance
 v - 7 potions of curing
 w - 3 potions of haste
 A - a potion of ambrosia
 B - 2 potions of flight
 M - 2 potions of lignification
 N - a potion of heal wounds
Miscellaneous
 m - a phial of floods (inert)
 L - 2 boxes of beasts
Comestibles
 f - 32 rations


   Skills:
 + Level 8.7 Fighting
 - Level 15.3 Axes
 + Level 14.8 Armour
 + Level 7.5 Dodging
 + Level 14.9 Shields
 - Level 8.2 Invocations
 - Level 10.0 Evocations


You had 15 spell levels left.
You didn't know any spells.
Your spell library contained the following spells:

 Spells                   Type           Power        Failure   Level  Hunger
 Magic Dart               Conj           #...         85%         1    ##.....
 Sandblast                Erth           #.....       85%         1    ##.....
 Summon Small Mammal      Summ           #...         85%         1    ##.....
 Blink                    Tloc           N/A          94%         2    ###....
 Call Imp                 Summ           #.......     94%         2    ###....
 Passwall                 Tmut/Erth      #.......     94%         2    ###....
 Slow                     Hex            #.......     94%         2    ###....
 Call Canine Familiar     Summ           #.......     99%         3    ####...
 Conjure Flame            Conj/Fire      #.......     99%         3    ####...
 Mephitic Cloud           Conj/Pois/Air  #.......     99%         3    ####...
 Stone Arrow              Conj/Erth      #.....       99%         3    ####...
 Summon Guardian Golem    Hex/Summ       #.......     99%         3    ####...
 Petrify                  Tmut/Erth      #.......     100%        4    #####..
 Summon Ice Beast         Ice/Summ       #.......     100%        4    #####..
 Summon Lightning Spire   Summ/Air       #.......     100%        4    #####..
 Irradiate                Conj/Tmut      #.........   100%        5    ######.
 Lee's Rapid Deconstruct  Erth           #.........   100%        5    ######.
 Hydra Form               Tmut           #.........   100%        6    #######
 Statue Form              Tmut/Erth      #........    100%        6    #######
 Dragon Form              Tmut           #.........   100%        7    #######


Dungeon Overview and Level Annotations

Branches:
Dungeon (15/15)            Temple (1/1) D:6            Lair (6/6) D:9
  Swamp (0/4) Lair:2        Snake (0/4) Lair:2        Slime (0/5) Lair:5
    Orc (0/2) D:11         Vaults (0/5) D:14         Depths (0/5) D:15

Altars:
Ashenzari
Cheibriados
Dithmenos
Elyvilon
Fedhas
Gozag
Hepliaklqana
Kikubaaqudgha
Makhleb
Nemelex Xobeh
Okawaru
Qazlal
Ru
Sif Muna
Trog
Uskayaw
Vehumet
Wu Jian
Xom
Yredelemnul
Zin
The Shining One

Shops:
D:5 [   D:11 (   D:12 }}

Annotations:
D:5 1 runed door, Protee's ghost, novice DsSk
D:11 3 runed doors, MisterFreud's ghost, journeyman TrHu; phyphor's ghost, journeyman TrFi
Lair:5 exclusion: 3 oklob plants


Innate Abilities, Weirdness & Mutations

You are resistant to damage.
You can heal yourself by infusing magical energy.
You resist negative energy. (rN+)
You passively map the area around you.
You do not regenerate.


Message History

You feel very mighty all of a sudden. You block the frost giant's attack.
You hit the frost giant.
The frost giant is heavily wounded.
The frost giant hits you with a +0 battleaxe of freezing!!
* * * LOW HITPOINT WARNING * * *
The frost giant freezes you.
You slash the frost giant!
The frost giant is severely wounded.
You slice the frost giant!!
The frost giant is almost dead.
The frost giant gestures at you while chanting.
The bolt of cold hits you!
* * * LOW HITPOINT WARNING * * *
Unknown command.
You slash the frost giant!
The frost giant is almost dead.
The frost giant points at you and mumbles some strange words.
The bolt of cold hits you!
You die...

.....#......# ,
.....'......#+
.....'........ , ,
.....##....... , *
......#..###########
......#..#≈≈........
......'..#≈.#≈≈≈###+#
......#..#......#...#
#######..)(##§..@C>.#
.........#......#...#
.........#≈.#≈≈≈###+#
##########≈≈......
##########


You could see a frost giant.

Vanquished Creatures
  Rupert (D:12)
  Gastronok (D:8)
  Nessos (D:13)
  A minotaur (Lab)
  4 vault guards (D:14)
  7 hydras
  6 centaur warriors
  9 two-headed ogres
  5 death yaks (Lair:6)
  An ogre mage (D:14)
  A tengu warrior (D:14)
  4 slime creatures
  Sonja (Lair:1)
  4 unseen horrors
  18 ugly things
  An orc knight (Bailey)
  A wolf spider (D:14)
  3 manticores
  4 cyclopes
  2 centaur zombies
  4 black mambas
  Maurice (D:8)
  A gargoyle (D:10)
  2 rime drakes
  22 spiny frogs
  A redback zombie (D:12)
  7 komodo dragons
  A wind drake (shapeshifter) (D:13)
  2 polar bears (Lair:6)
  4 tyrant leeches (Lair:6)
  5 trolls
  26 blink frogs
  11 hippogriffs
  A hornet (D:14)
  4 dream sheep (Lair:6)
  6 wraiths
  18 yaks
  A centaur simulacrum (D:14)
  4 wyverns
  3 hungry ghosts
  4 basilisks
  16 vampire mosquitoes
  18 water moccasins
  An acid dragon (D:13)
  3 porcupines
  8 orc warriors
  A hornet zombie (D:9)
  3 sky beasts
  3 ice beasts
  3 black bears
  An eye of draining (D:14)
  2 necrophages
  8 ogres
  2 phantoms (D:13)
  5 wolves (Lair:3)
  15 centaurs
  10 crocodiles
  An elf skeleton (D:14)
  32 bullfrogs
  An earth elemental (Lab)
  A scorpion (D:4)
  A water moccasin skeleton (D:9)
  18 killer bees
  2 electric eels
  13 wights
  4 howler monkeys
  A lava snake (D:14)
  15 crimson imps
  3 human zombies (D:14)
  2 jellies
  3 quasits
  8 hounds
  7 orc priests
  5 bullfrog skeletons
  A bullfrog zombie (D:9)
  13 orc wizards
  7 centaur skeletons
  5 iguanas
  17 worker ants
  A big kobold zombie (Ossuary)
  A hound zombie (D:10)
  4 hound skeletons
  9 mummies
  2 worker ant zombies
  20 adders
  3 shadow imps
  An ooze (D:3)
  5 worms
  2 dart slugs
  6 leopard geckos
  62 orcs
  5 giant cockroaches
  12 goblins
  12 hobgoblins
  16 jackals
  18 kobolds
  A quokka (D:5)
  A ball python (D:4)
  10 bats
  4 frilled lizards
  A gnoll zombie (Ossuary)
  3 hobgoblin zombies (Ossuary)
  A jackal skeleton (D:4)
  2 kobold zombies (Ossuary)
  2 leopard gecko skeletons
  An orc skeleton (D:14)
  An orc zombie (Ossuary)
  A quokka skeleton (D:10)
  9 rats
  2 bushes (Bazaar)
  3 fungi
  4 plants
687 creatures vanquished.

Vanquished Creatures (others)
  7 fungi
  25 plants
  5 withered plants (D:11)
37 creatures vanquished.

Grand Total: 724 creatures vanquished

Notes
Turn   | Place    | Note
-------+----------+-------------------------------------------
     0 | D:1      | KristoblXynda the Deep Dwarf Fighter began the quest for
                  | the Orb.
     0 | D:1      | Reached XP level 1. HP: 20/20 MP: 1/1
    71 | D:1      | Reached XP level 2. HP: 22/27 MP: 2/2
   318 | D:1      | Reached skill level 3 in Axes
   733 | D:2      | Reached XP level 3. HP: 23/33 MP: 3/3
  1012 | D:2      | Found a sparkling altar of Nemelex Xobeh.
  1035 | D:2      | Found an iron altar of Okawaru.
  1238 | D:2      | Found a snail-covered altar of Cheibriados.
  1303 | D:2      | Found a stormy altar of Qazlal.
  1446 | D:3      | Found a faded altar of an unknown god.
  1455 | D:3      | Reached XP level 4. HP: 25/40 MP: 4/4
  1456 | D:3      | Reached skill level 4 in Axes
  2076 | D:3      | Reached XP level 5. HP: 20/46 MP: 5/5
  2117 | D:3      | Found a glowing golden altar of the Shining One.
  2681 | D:4      | Reached skill level 5 in Axes
  2694 | D:4      | Reached XP level 6. HP: 33/55 MP: 6/6
  2899 | D:4      | Found a sand-covered staircase.
  2978 | Ossuary  | Entered an ossuary
  2994 | Ossuary  | Reached skill level 5 in Shields
  2997 | Ossuary  | Reached skill level 5 in Armour
  3006 | Ossuary  | Reached skill level 6 in Axes
  3137 | Ossuary  | Reached XP level 7. HP: 44/61 MP: 7/7
  3319 | D:4      | Found a shimmering altar of Xom.
  3331 | D:4      | Found a radiant altar of Vehumet.
  3332 | D:4      | Found a burning altar of Makhleb.
  3342 | D:4      | Became a worshipper of Makhleb the Destroyer
  3511 | D:4      | Found a deep blue altar of Sif Muna.
  3567 | D:5      | Entered Level 5 of the Dungeon
  3655 | D:5      | Found a runed door.
  3660 | D:5      | Found Kaygoe's Antique Armour Boutique.
  3669 | D:5      | Bought a pair of glowing gloves for 180 gold pieces
  3687 | D:5      | Noticed Protee's ghost (novice DsSk)
  3764 | D:5      | Reached skill level 7 in Axes
  4087 | D:5      | Found a glowing silver altar of Zin.
  4307 | D:6      | Reached * piety under Makhleb
  4352 | D:6      | Found a staircase to the Ecumenical Temple.
  4379 | D:6      | Reached XP level 8. HP: 38/68 MP: 7/7
  4614 | D:6      | Reached skill level 8 in Axes
  4752 | D:6      | Found an ancient bone altar of Kikubaaqudgha.
  4798 | Temple   | Entered the Ecumenical Temple
  5355 | D:7      | Reached ** piety under Makhleb
  5589 | D:7      | Reached skill level 9 in Axes
  5715 | D:7      | Found a shadowy altar of Dithmenos.
  5946 | D:7      | Gained mutation: You passively map the area around you.
                  | [Deep Dwarf growth]
  5946 | D:7      | Reached XP level 9. HP: 61/74 MP: 8/8
  6116 | D:7      | Found a basalt altar of Yredelemnul.
  6310 | D:8      | Reached skill level 10 in Axes
  6410 | D:8      | Noticed Maurice
  6413 | D:8      | Killed Maurice
  6463 | D:8      | Found a bloodstained altar of Trog.
  6536 | D:8      | Reached skill level 1 in Invocations
  6606 | D:8      | Reached *** piety under Makhleb
  6704 | D:8      | Noticed Gastronok
  6734 | D:8      | Killed Gastronok
  6734 | D:8      | Reached skill level 11 in Axes
  6734 | D:8      | Reached skill level 5 in Invocations
  6734 | D:8      | Reached XP level 10. HP: 34/81 MP: 10/12
  6985 | D:8      | Reached skill level 1 in Evocations
  7345 | D:9      | Reached **** piety under Makhleb
  7642 | D:9      | Found a staircase to the Lair.
  8022 | D:10     | Entered Level 10 of the Dungeon
  8209 | D:10     | Reached XP level 11. HP: 88/88 MP: 13/13
  8264 | D:10     | Killed an unseen horror
  8264 | D:10     | Reached skill level 10 in Armour
  8264 | D:10     | Reached skill level 10 in Shields
  8410 | D:10     | Reached skill level 5 in Evocations
  8462 | D:10     | Reached ***** piety under Makhleb
  8554 | D:10     | Reached skill level 12 in Axes
  8867 | D:10     | Noticed a two-headed ogre
  8882 | D:10     | Killed a two-headed ogre
  9374 | D:11     | Noticed a green ugly thing
  9395 | D:11     | Killed a green ugly thing
  9460 | D:11     | Found a staircase to the Orcish Mines.
  9463 | D:11     | Noticed a centaur warrior
  9472 | D:11     | Killed a centaur warrior
  9498 | D:11     | Found a flagged portal.
  9506 | D:11     | Found a runed gate.
  9516 | Bailey   | Entered a bailey
  9714 | Bailey   | Noticed an orc knight
  9725 | Bailey   | Killed an orc knight
  9811 | D:11     | Found a runed gate.
  9812 | D:11     | Found a runed gate.
  9813 | D:11     | Noticed MisterFreud's ghost (journeyman TrHu)
  9813 | D:11     | Noticed phyphor's ghost (journeyman TrFi)
  9997 | D:11     | Noticed a two-headed ogre
  9998 | D:11     | Found Omudarch's Weapon Shoppe.
 10006 | D:11     | Reached XP level 12. HP: 89/96 MP: 15/17
 10008 | D:11     | Killed a two-headed ogre
 10323 | D:11     | Noticed a two-headed ogre
 10338 | D:11     | Killed a two-headed ogre
 10338 | D:11     | Reached skill level 13 in Axes
 10377 | D:11     | Identified the +4 robe "Jioca" {Stlth+}
 10540 | D:12     | Found Ishryagu's Gadget Shop.
 10631 | D:12     | Found a flickering gateway to a bazaar.
 10678 | Bazaar   | Entered a bazaar
 10678 | Bazaar   | Found Ymyod's Armour Shop.
 10678 | Bazaar   | Found Cumne's Magic Scroll Boutique.
 10678 | Bazaar   | Found Mikhap's Book Boutique.
 10678 | Bazaar   | Found Yquts's Antique Armour Shop.
 10719 | Bazaar   | Bought the +5 robe of Night {Dark MR+ SInv} for 1080 gold
                  | pieces
 10719 | Bazaar   | Found the +5 robe of Night {Dark MR+ SInv}
 10774 | D:12     | Found Doakhion's Gadget Shoppe.
 10818 | D:12     | Noticed a two-headed ogre
 10828 | D:12     | Killed a two-headed ogre
 11011 | D:12     | Noticed a two-headed ogre
 11031 | D:12     | Killed a two-headed ogre
 11077 | D:12     | Noticed Rupert
 11192 | Lair:1   | Entered Level 1 of the Lair of Beasts
 11192 | Lair:1   | Found a labyrinth entrance.
 11213 | Lab      | Entered a labyrinth
 12125 | Lab      | Noticed a minotaur
 12145 | Lab      | Killed a minotaur
 12473 | Lair:1   | Reached skill level 10 in Evocations
 12924 | Lair:1   | Noticed Sonja
 12931 | Lair:1   | Killed Sonja
 13372 | Lair:2   | Noticed a four-headed hydra
 13401 | Lair:2   | Killed a five-headed hydra
 13401 | Lair:2   | Reached XP level 13. HP: 95/104 MP: 19/19
 13467 | Lair:2   | Found a staircase to the Snake Pit.
 13533 | Lair:2   | Found a staircase to the Swamp.
 13869 | Lair:2   | Reached skill level 14 in Axes
 14564 | Lair:3   | Reached skill level 5 in Dodging
 14564 | Lair:3   | Gained mutation: You resist negative energy. (rN+) [Deep
                  | Dwarf growth]
 14564 | Lair:3   | Reached XP level 14. HP: 65/115 MP: 19/19
 15009 | Lair:4   | You fall through a shaft!
 15227 | Lair:5   | Reached skill level 5 in Fighting
 15578 | Lair:5   | Found a staircase to the Slime Pits.
 15721 | Lair:6   | Entered Level 6 of the Lair of Beasts
 16029 | Lair:6   | Reached ****** piety under Makhleb
 16539 | Lair:6   | Reached XP level 15. HP: 127/127 MP: 20/20
 16567 | Lair:6   | Got a crude lapis lazuli ring
 16568 | Lair:6   | Identified the ring of Leisif {Fire rPois} (You found it on
                  | level 6 of the Lair of Beasts)
 16713 | Lair:6   | Reached skill level 15 in Axes
 17219 | Lair:6   | Found a shadowy altar of Dithmenos.
 18092 | D:13     | Noticed Nessos
 18133 | D:12     | Killed Rupert
 18426 | D:13     | Killed Nessos
 19145 | D:14     | Found an ancient bone altar of Kikubaaqudgha.
 19783 | D:14     | Found a gate to the Vaults.
 20733 | D:15     | Entered Level 15 of the Dungeon
 20733 | D:15     | Found a shimmering altar of Xom.
 20733 | D:15     | Found a shimmering altar of Xom.
 20733 | D:15     | Found a shimmering altar of Xom.
 20733 | D:15     | Found a shimmering altar of Xom.
 20733 | D:15     | Found a shimmering altar of Xom.
 20733 | D:15     | Found a shimmering altar of Xom.
 20733 | D:15     | Found a shimmering altar of Xom.
 20867 | D:15     | Reached XP level 16. HP: 118/141 MP: 21/21
 21080 | D:15     | Found a staircase to the Depths.
 21090 | D:15     | HP: 3/141 [frost giant/bolt of cold (31)]
 21091 | D:15     | Killed from afar by a frost giant

Vault maps used:
D:1:      wheals_arrival_shading
D:2:      kennysheep_slug_shrine, overflow_temple_1_default,
          overflow_temple_1_default, first_ration, minmay_door_square,
          nemelex_diamond_rough_becter
D:3:      nicolae_tso_carved_into_rock, chequers_ecumenical_altar_simple_redux,
          serial_co_window_serial, co_window_paths_a, co_window_corner_a,
          co_window_paths_a, co_window_paths_a, co_window_paths_a,
          co_window_paths_b, co_window_corner_b, co_window_corner_b,
          co_window_corner_b, co_window_2corner, co_window_broadway_b,
          co_window_paths_e
D:4:      grunt_temple_overflow_lords_of_destruction, kennysheep_little_box,
          tgw_sif, enter_ossuary_3
D:5:      zin_statuary, serial_shops, shop, ebering_ghost_sewer_d
D:6:      lemuel_doored_altar, minmay_temple_entry_overgrown
D:7:      lemuel_coloured_pillars_altar, marbit_many_paths, lightli_minifort
D:8:      nicolae_overflow_hidden_temple, uniq_maurice, uniq_gastronok
D:9:      lair_entry_dummy
D:10:     minmay_chambers_of_sixes
D:11:     orc_0_dummy, enter_bailey_2, gammafunk_ghost_cemetery, serial_shops,
          shop, grunt_pizzeria
D:12:     serial_shops, bzr_entry_islet, nicolae_shop_behind_doors, shop,
          uniq_rupert
D:13:     uniq_nessos
D:14:     lightli_vaults_fourway_checkpoint, kennysheep_cross_bottleneck,
          lemuel_mausoleum_altar_kikubaaqudgha
D:15:     grunt_enter_depths_snipers, nicolae_xom_altar_mimics,
          gammafunk_ghost_necromancy, minmay_fractal_squares_diagonal_5
Temple:   jpeg_temple_island
Lair:1:   lab_entry_generic, uniq_sonja
Lair:2:   minmay_swamp_entry_reptiles, minmay_snake_entry_six_corridors
Lair:3:   st_stairs_10
Lair:4:   gammafunk_ghost_necromancy, kilobyte_rumbling_trees,
          serial_bayou_shore_a, grunt_megastairs_1, infiniplex_staircase_pool
Lair:5:   minmay_slime_entry_oklob_open, chequers_serial_rivers_micro_d,
          chequers_serial_rivers_micro_c, serial_bayou_shore_b,
          serial_bayou_shore_b, grunt_megastairs_2
Lair:6:   minmay_lair_end_frog_pond, serial_bayou_pond_c, lemuel_centaur_altar
Lab:      nicolae_lab_flowing_pool, nicolae_lab_blocks
Bazaar:   bazaar_minmay_trees
Ossuary:  ossuary_tomb_3
Bailey:   bailey_axe_4, bailey

Skill      XL: |  1  2  3  4  5  6  7  8  9 10 11 12 13 14 15 |
---------------+----------------------------------------------+-----
Axes           | 3 4 5 6 7 9 11 12 13 14 15 | 15.3
Armour         | 4 5 6 7 9 11 12 13 14 | 14.8
Shields        | 4 5 6 7 9 11 12 13 14 | 14.9
Invocations    | 5 8 |  8.2
Evocations     | 4 8 10 | 10.0
Fighting       | 3 4 6 8 |  8.7
Dodging        | 5 7 |  7.5

Action                   |  1- 3 |  4- 6 |  7- 9 | 10-12 | 13-15 | 16-18 || total
-------------------------+-------+-------+-------+-------+-------+-------++-------
Melee: War axe           |   130 |   170 |   371 |   828 |  1429 |     9 ||  2937
       Morningstar       |       |       |       |     8 |    61 |       ||    69
 Abil: Heal Wounds       |     1 |     1 |     2 |     1 |     2 |       ||     7
       Evoke Flight      |       |       |       |     4 |       |       ||     4
Evoke: Wand              |       |       |     3 |     8 |    16 |       ||    27
       Phial of floods   |       |       |       |       |     1 |       ||     1
  Use: Scroll            |     5 |    10 |     8 |     5 |     7 |       ||    35
       Potion            |     1 |     2 |     4 |     5 |     2 |     1 ||    15
  Eat: Chunk             |     1 |     4 |     8 |    38 |    34 |     2 ||    87
       Ration            |       |     1 |     1 |     1 |     1 |       ||     4
Armor: Scale mail        |    68 |    93 |   100 |       |       |       ||   261
       Plate armour      |       |       |    69 |   450 |   796 |       ||  1315
       Skin              |       |       |    13 |       |       |       ||    13
Dodge: Dodged            |    50 |    71 |    87 |   193 |   392 |       ||   793
Block: Shield            |    72 |   113 |   204 |   534 |   934 |     1 ||  1858

Table legend:
 A = Non-vault XP
 B = Vault XP
 C = Vault XP percentage of total XP
 D = Non-vault monster count
 E = Vault monster count
 F = Vault count percentage of total count
                 A         B        C        D         E       F
            +---------+---------+-------+---------+---------+-------
      Total |   85399 |   37370 |  30.4 |     514 |     164 |  24.2
            +---------+---------+-------+---------+---------+-------
        D:1 |      35 |       0 |   0.0 |      22 |       0 |   0.0
        D:2 |      43 |       4 |   8.5 |      16 |       1 |   5.9
        D:3 |     150 |       0 |   0.0 |      42 |       0 |   0.0
        D:4 |     353 |      48 |  12.0 |      16 |       1 |   5.9
        D:5 |     422 |       0 |   0.0 |      16 |       0 |   0.0
        D:6 |     810 |       0 |   0.0 |      25 |       0 |   0.0
        D:7 |     738 |     309 |  29.5 |      16 |       4 |  20.0
        D:8 |    1932 |    2846 |  59.6 |      39 |       2 |   4.9
        D:9 |    2495 |       0 |   0.0 |      26 |       0 |   0.0
       D:10 |    3691 |    2062 |  35.8 |      36 |       6 |  14.3
       D:11 |    7578 |     133 |   1.7 |      30 |       1 |   3.2
       D:12 |    9421 |    3150 |  25.1 |      47 |       1 |   2.1
       D:13 |    6834 |    1306 |  16.0 |      25 |       1 |   3.8
       D:14 |   18334 |    7781 |  29.8 |      60 |      24 |  28.6
       D:15 |    2831 |    1482 |  34.4 |       8 |       2 |  20.0
     Lair:1 |    3119 |     814 |  20.7 |      13 |       1 |   7.1
     Lair:2 |    4153 |    2904 |  41.2 |      14 |      19 |  57.6
     Lair:3 |    4119 |     153 |   3.6 |      15 |       1 |   6.2
     Lair:5 |    4023 |     463 |  10.3 |      15 |       2 |  11.8
     Lair:6 |   13041 |   12620 |  49.2 |      32 |      53 |  62.4
        Lab |    1277 |     241 |  15.9 |       1 |       2 |  66.7
    Ossuary |       0 |     178 | 100.0 |       0 |      16 | 100.0
     Bailey |       0 |     876 | 100.0 |       0 |      27 | 100.0
            +---------+---------+-------+---------+---------+-------
